 Dungeon Crawl Stone Soup version 0.28-a0-1555-g9ae15a6949 (webtiles) character file.

Game seed: 14636364695859116477

8 knot the Chopper (level 2, 18/36 HPs)
             Began as a Demonspawn Berserker on Jan 18, 2022.
             Was a Follower of Trog.
             Quit the game on level 1 of the Dungeon.
             The game lasted 00:00:19 (504 turns).

knot the Chopper (Demonspawn Berserker)              Turns: 504, Time: 00:00:19

Health: 18/36      AC:  2    Str: 17    XL:     2   Next: 0%
Magic:  2/2        EV: 12    Int:  8    God:    Trog [*.....]
Gold:   17         SH:  0    Dex: 12    Spells: 1/1 levels left

rFire   . . .      SeeInvis .   a - +0 hand axe
rCold   . . .      Faith    .   (no shield)
rNeg    . . .      Spirit   .   b - +0 animal skin
rPois   .          Reflect  .   (no helmet)
rElec   .          Harm     .   (no cloak)
rCorr   .          Rampage  .   (no gloves)
Will    .....                   (no boots)
Stlth   ..........              (no amulet)
HPRegen 0.12/turn               (no ring)
MPRegen 0.08/turn               (no ring)

@: berserking, very quick
A: spiny 1
a: Renounce Religion, Berserk


You were on level 1 of the Dungeon.
You worshipped Trog.
Trog was aware of your devotion.
You visited 1 branch of the dungeon, and saw 1 of its levels.

You collected 17 gold pieces.

Inventory:

Hand Weapons
 a - a +0 hand axe (weapon)
Armour
 b - a +0 animal skin (worn)
Jewellery
 c - an amulet of magic regeneration
Scrolls
 d - a scroll of identify {unknown}


   Skills:
 - Level 3.0 Fighting
 + Level 3.2 Axes
 - Level 1.7 Armour
 - Level 1.7 Dodging


You had one spell level left.
You didn't know any spells.
Your spell library was empty.

Dungeon Overview and Level Annotations

Branches:
Dungeon (1/15)

Altars:


Innate Abilities, Weirdness & Mutations

You are partially covered in sharp spines.


Message History

You are exhausted.
You feel yourself slow down.
You start resting.
You feel yourself speed up.
You start resting.
You recover from your berserk rage.
You start resting.
You start resting.
HP restored.
Found a stone staircase leading down.
A quokka comes into view.
A hobgoblin comes into view.
Found a scroll labelled FALUWE JEHUWACZY.
There are monsters nearby!
The helpless hobgoblin fails to defend itself.
You slash the hobgoblin!
You kill the hobgoblin!
Trog accepts your kill.
No target in view!
No target in view!
No target in view!
A quokka is nearby!
The quokka bites you.
A quokka is nearby!
You closely miss the quokka. The quokka barely misses you.
The quokka bites you.
You closely miss the quokka. The quokka bites you.
You are too injured to fight recklessly!
You are too injured to fight recklessly!
You are too injured to fight recklessly!
You are too injured to fight recklessly!
A red film seems to cover your vision as you go berserk!
You feel yourself moving faster!
You feel mighty! The quokka misses you.
You slash the quokka!
You kill the quokka!
Trog accepts your kill.
You have reached level 2!
Your demonic ancestry asserts itself...
Sharp spines emerge from parts of your body.
Are you sure you want to abandon this character and quit the game? (Confirm with "yes".)

#♣.)♣♣ #.♣♣♣ #.#
#'##### . #.## ......#
. ...# ..... ......#
#.#..###..... ......#
#.#..#....... .....≈#
# #.#(.#.......
...≈.§#
#.#....#.......
...≈.§#
#....@.#.......
.....≈#
#####..##.......
......# ..?....>..†.#
......###########.##.#
..[...##.......##.# #
'''#####.##.#####.#
...8# #.##.....#.#
....# #.######.#.#
...## #.....)..#.#


There were no monsters in sight!

Vanquished Creatures
  A giant cockroach (D:1)
  A goblin (D:1)
  A hobgoblin (D:1)
  A quokka (D:1)
  2 kobolds (D:1)
  A rat (D:1)
7 creatures vanquished.

Notes
Turn   | Place    | Note
-------+----------+-------------------------------------------
     0 | D:1      | knot the Demonspawn Berserker began the quest for the Orb.
     0 | D:1      | Reached XP level 1. HP: 18/18 MP: 1/1
   504 | D:1      | Gained mutation: You are partially covered in sharp spines.
                  | [demonic ancestry]
   504 | D:1      | Reached XP level 2. HP: 18/24 MP: 2/2
   504 | D:1      | Quit the game

Illustrated notes

Levels and vault maps discovered:
D:1:      scummos_arrival_gate, layout_basic, serial_shops, shop_statue

Skill      XL: |  1 |
---------------+----+-----
Axes           | 3 |  3.2
Fighting       | |  3.0
Armour         | |  1.7
Dodging        | |  1.7

Action                   || total
-------------------------++-------
Melee: Hand axe          ||    22
Invok: Berserk           ||     3
 Stab: Sleeping          ||     1
Dodge: Dodged            ||    10

Table legend: (Time is in decaauts)
 A = Elapsed time spent in this place.
 B = Non-inter-level travel time spent in this place.
 C = Inter-level travel time spent in this place.
 D = Time resting spent in this place.
 E = Time spent auto-exploring this place.
 F = Levels seen in this place.
 G = Mean time per level.
                   A        B        C        D        E       F      G
               +--------+--------+--------+--------+--------+-----+--------+
         Total |    529 |    529 |      0 |    392 |     88 |   1 |  529.0 |
       Dungeon |    529 |    529 |      0 |    392 |     88 |   1 |  529.0 |
               +--------+--------+--------+--------+--------+-----+--------+

Top non-repeatable levels by time:
     D:1: 529 daAuts
